Map: Selva profunda EE

Players

MrFercho

  • Race: Zerg Zerg
  • League: Silver
  • Spawn Location: 1:00

TATORREA

  • Race: Protoss Protoss
  • League: Silver
  • Spawn Location: 3:00

tigro

  • Race: Terran Terran
  • League: Bronze
  • Spawn Location: 1:00

dINK

  • Race: Terran Terran
  • Spawn Location: 7:00

BallsDeep

  • Race: Zerg Zerg
  • Spawn Location: 7:00

Covidcuck

  • Race: Terran Terran
  • Spawn Location: 7:00

VOD

Have the link to the VOD?

Description

Time

  • Played on: June 6, 2020, 7:57 p.m.
  • Length: 22:25
Show
View Real Time Build Order
Export as new Build Order

MrFercho Zerg 

Build Orders: Pool First 

Get SALT Encoding   

  12  0:01  Drone  
  13  0:08  Drone  
  14  0:34  Extractor  
  14  0:35  Extractor  
  12  0:36  Drone x2  
  16  0:46  Spawning Pool  
  16  0:48  Overlord  
  15  1:10  Drone x3  
  18  1:17  Extractor  
  17  1:32  Hatchery  
  17  1:33  Queen  
  17  1:38  Drone x2  
  20  1:48  Drone  
  21  1:58  Drone  
  22  2:06  Extractor  
  21  2:13  Drone  
  22  2:27  Overlord x2  
  22  2:28  Hatchery  
  21  2:34  Metabolic Boost  
  21  2:39  Zergling x2  
  22  2:56  Drone x2  
  22  2:57  Drone  
  25  3:10  Zergling x6  
  25  3:11  Zergling x2  
  29  3:37  Drone x3  
  32  4:10  Zergling x2  
  32  4:11  Zergling x16  
  41  4:20  Evolution Chamber  
  41  4:21  Lair  
  40  4:30  Overlord  
  40  4:31  Overlord x2  
  40  4:48  Zergling x6  
  40  4:49  Zergling x10  
  40  4:50  Zergling x8  
  52  5:27  Hatchery  
  51  5:35  Extractor  
  49  5:37  Extractor  
  27  6:02  Zergling x2  
  27  6:03  Zergling x28  
  38  6:29  Zerg Melee Weapons Level 1  
  32  7:05  Zergling x2  
  32  7:06  Zergling x32  
  40  7:43  Baneling Nest  
  39  7:45  Hydralisk Den  
  38  7:53  Drone x2  
  38  7:54  Drone x6  
  38  7:58  Drone  
  47  8:05  Drone  
  31  8:49  Drone x3  
  31  8:50  Queen  
  31  8:54  Zerg Missile Weapons Level 1  
  36  8:56  Centrifical Hooks  
  36  9:07  Overseer x2  
  36  9:11  Hydralisk x4  
  44  9:18  Grooved Spines  
  44  9:39  Zergling x4  
  44  9:40  Zergling x14  
  53  9:56  Nydus Network  
  53  9:57  Zergling x2  
  53  9:58  Zergling x6  
  56  10:27  Burrow  
  48  10:59  Pneumatized Carapace  
  48  11:17  Zerg Missile Weapons Level 2  
  48  11:23  Zergling x10, Hydralisk x4  
  48  11:24  Hydralisk x5  
  71  11:32  Drone  
  72  11:33  Drone x2  
  74  11:58  Baneling x11  
  74  11:59  Baneling x7  
  74  12:33  Zergling x12  
  80  12:49  Nydus Canal  
  38  14:11  Drone  
  38  14:12  Drone x2  
  38  14:14  Hydralisk  
  38  14:15  Hydralisk x8  
  59  14:29  Zerg Ground Armor Level 1  
  59  14:34  Infestation Pit  
  59  14:36  Muscular Augments  
  58  14:44  Evolution Chamber  
  57  15:06  Hatchery  
  56  15:07  Extractor  
  56  15:11  Hive, Extractor  
  54  15:28  Lurker Den  
  53  15:39  Drone  
  53  15:40  Drone x2  
  56  15:45  Drone x3  
  57  16:50  Adaptive Talons  
  57  16:52  Ultralisk Cavern  
  56  16:54  Zerg Ground Armor Level 2  
  56  16:57  Zerg Missile Weapons Level 3  
  56  17:00  Pathogen Glands  
  56  17:19  Lurker  
  56  17:20  Lurker x7  
  64  17:28  Overlord x4  
  64  17:37  Hatchery  
  63  17:38  Drone  
  63  17:39  Drone x2  
  63  17:41  Extractor  
  65  17:45  Extractor  
  65  17:47  Seismic Spines  
  64  17:53  Hydralisk x3  
  64  17:54  Hydralisk  
  64  17:57  Neural Parasite  
  58  18:43  Hydralisk  
  58  18:44  Hydralisk x10  
  71  19:12  Zerg Ground Armor Level 3  
  71  19:15  Microbial Shroud  
  40  19:32  Hydralisk x2  
  40  19:34  Ultralisk x2  
  56  20:06  Zergling x2  
  57  20:07  Zergling x28  
  71  20:16  Drone x2  
  73  20:37  Viper  
  73  20:38  Ultralisk  
Show
View Real Time Build Order
Export as new Build Order

TATORREA Protoss 

Build Orders: Carriers 

Get SALT Encoding   

  12  0:01  Probe  
  13  0:19  Probe (Chrono Boost)  
  14  0:22  Pylon  
  14  0:31  Probe (Chrono Boost)  
  15  0:39  Probe (Chrono Boost)  
  16  0:50  Probe  
  17  1:18  Gateway  
  17  1:19  Gateway  
  17  1:22  Gateway  
  18  1:25  Probe  
  18  1:37  Probe, Assimilator  
  19  1:55  Probe  
  20  2:08  Probe  
  20  2:11  Assimilator  
  21  2:24  Cybernetics Core  
  21  2:29  Pylon  
  21  2:31  Nexus  
  21  2:39  Probe  
  21  2:43  Pylon  
  22  2:46  Pylon  
  22  2:51  Probe  
  23  3:00  Warp Gate  
  23  3:07  Probe  
  21  3:56  Stalker x2  
  21  3:57  Stalker  
  27  4:08  Probe  
  28  4:11  Probe  
  29  4:20  Probe  
  29  4:24  Probe  
  31  4:26  Stalker x2  
  31  4:27  Sentry  
  37  4:31  Twilight Council  
  37  4:43  Probe x2, Forge  
  39  4:55  Probe x2  
  41  5:07  Probe x2  
  41  5:10  Charge  
  43  5:19  Probe x2  
  45  5:23  Gateway  
  45  5:31  Probe x2  
  35  6:38  Stalker  
  35  6:39  Stalker x2  
  41  6:41  Stalker  
  43  6:47  Protoss Ground Weapons Level 1  
  43  6:50  Probe x2  
  43  6:51  Blink  
  45  6:56  Assimilator  
  45  6:59  Assimilator  
  45  7:02  Probe x2  
  45  7:04  Pylon  
  47  7:14  Probe  
  47  7:15  Probe  
  49  7:16  Stalker x2  
  49  7:17  Stalker x2  
  49  7:18  Pylon  
  49  7:21  Pylon  
  57  7:24  Pylon  
  57  7:26  Probe, Nexus  
  58  7:30  Templar Archives  
  58  7:34  Gateway  
  58  7:36  Gateway  
  58  7:38  Gateway  
  58  7:40  Gateway  
  58  7:42  Gateway  
  58  7:46  Gateway  
  58  7:50  Probe x2  
  60  8:05  Probe x2  
  62  8:11  Zealot x2  
  62  8:12  Zealot x2  
  70  8:17  Probe x2  
  72  8:26  Stargate  
  72  8:31  Stargate  
  72  8:36  Pylon  
  72  8:39  Pylon  
  72  8:43  Probe  
  72  8:44  Probe x2, Pylon  
  75  8:53  Pylon  
  75  9:08  Robotics Facility  
  75  9:09  Zealot x2  
  79  9:10  Zealot x4  
  79  9:11  Zealot x3  
  79  9:12  Zealot  
  79  9:14  Probe x3  
  98  9:26  Probe x3  
  101  9:31  Protoss Ground Weapons Level 2  
  101  9:53  Void Ray  
  101  9:54  Void Ray  
  109  10:05  Protoss Air Weapons Level 1  
  109  10:10  Assimilator  
  109  10:13  Assimilator  
  109  10:26  Observer  
  110  10:32  Psionic Storm  
  110  10:38  Nexus  
  110  10:44  Robotics Bay  
  110  10:48  Void Ray x2, Immortal, Pylon x2  
  110  10:49  Fleet Beacon  
  122  10:53  Pylon  
  122  10:55  Pylon, High Templar  
  124  11:02  Pylon  
  124  11:15  Probe  
  125  11:21  High Templar x2  
  125  11:24  High Templar  
  131  11:26  Zealot x4  
  131  11:27  Zealot x3  
  131  11:32  Extended Thermal Lance  
  145  11:44  Colossus  
  151  12:16  Protoss Ground Weapons Level 3  
  151  12:23  Protoss Air Armor Level 1  
  151  12:27  Zealot x3  
  151  12:28  Zealot x3  
  151  12:29  Zealot x4  
  171  12:32  Archon  
  171  12:34  Archon  
  171  12:59  Carrier  
  171  13:00  Carrier  
  115  14:03  Tempest  
  76  14:34  Protoss Air Weapons Level 2  
  75  14:42  Carrier  
  81  14:46  Carrier  
  81  14:51  Colossus  
  93  15:15  Protoss Ground Armor Level 1  
  93  15:24  Pylon  
  93  15:28  Pylon  
  93  15:31  Pylon  
  93  15:35  Assimilator  
  93  15:40  Assimilator  
  93  15:46  Immortal, Tempest  
  93  15:48  Zealot  
  93  15:49  Zealot x5  
  114  15:50  Tempest, Zealot x2  
  114  15:51  Zealot x2  
  127  16:02  Nexus  
  119  16:05  Pylon  
  119  16:07  Pylon  
  119  16:10  Pylon  
  93  16:29  Carrier  
  93  16:42  High Templar x2  
  93  16:43  High Templar  
  93  16:47  High Templar x2  
  101  16:48  High Templar  
  101  16:50  Zealot x2  
  101  16:51  Zealot x2  
  113  17:17  Nexus  
  113  17:27  Stalker x4  
  113  17:28  Stalker x2  
  113  17:29  Stalker x3  
  131  17:30  Stalker  
  131  17:34  Protoss Ground Armor Level 2  
  133  17:37  Colossus  
  133  17:42  Carrier  
  145  17:45  Void Ray  
  149  17:53  Archon  
  149  17:54  Archon  
  149  17:56  Archon  
  149  18:01  Zealot x3  
  149  18:02  Zealot x3  
  149  18:03  Zealot x4  
  127  18:43  Stalker  
  127  18:44  Stalker x4  
  127  18:45  Stalker x4  
  127  18:46  Stalker  
  61  19:28  Zealot x2  
  61  19:29  Zealot x3  
  61  19:30  Zealot x2  
  75  19:34  Void Ray x2  
  69  20:08  Protoss Shields Level 1  
  69  20:12  Pylon  
  69  20:16  Pylon  
  69  20:17  Void Ray x2  
  69  20:19  Pylon  
  77  20:25  Pylon  
  77  20:29  Pylon  
  77  20:32  Pylon  
  77  20:37  Pylon  
  77  20:41  Pylon  
  77  20:42  Gateway  
  77  20:46  Gateway  
  77  20:48  Gateway  
  77  20:50  Gateway  
  77  20:56  Cybernetics Core  
  77  21:00  Void Ray x2  
  67  21:49  Stalker x3  
  67  21:50  Stalker x3  
  67  21:51  Stalker x3  
  67  21:52  Stalker x2  
Show
View Real Time Build Order
Export as new Build Order

tigro Terran 

Build Orders:  

Get SALT Encoding   

  12  0:04  SCV  
  13  0:16  SCV  
  14  0:28  Supply Depot  
  14  0:29  SCV  
  15  0:38  Refinery  
  15  0:50  SCV  
  16  0:58  Barracks  
  16  1:02  SCV  
  17  1:14  SCV, Refinery  
  18  1:26  SCV  
  19  1:38  SCV  
  20  1:48  Marine  
  20  1:51  SCV  
  21  2:06  Marine  
  22  2:20  SCV  
  23  2:38  Supply Depot  
  23  2:51  Barracks  
  23  2:59  Marine  
  23  3:00  SCV  
  25  3:12  SCV  
  24  3:13  Engineering Bay  
  24  3:17  Marine  
  25  3:35  Marine  
  26  4:02  Barracks Tech Lab  
  26  4:03  Barracks Tech Lab  
  26  4:13  Factory  
  26  4:17  Terran Infantry Weapons Level 1  
  26  4:33  Combat Shield  
  26  4:35  Stimpack  
  26  4:42  Orbital Command  
  26  4:45  Command Center  
  26  4:50  Marine  
  27  4:53  Marine  
  27  4:58  Factory Tech Lab  
  28  5:08  Marine  
  28  5:11  Marine  
  30  5:20  Siege Tank  
  33  5:26  Marine  
  34  5:29  Marine, Starport  
  35  5:44  Marine  
  35  5:47  Marine  
  37  5:52  Concussive Shells  
  40  5:57  Siege Tank  
  40  6:01  Marine  
  41  6:04  Marine  
  41  6:10  Armory  
  41  6:11  Terran Infantry Armor Level 1  
  30  6:56  Marine  
  30  6:57  Marine  
  32  7:14  Medivac, Marine x2  
  36  7:24  Siege Tank  
  39  7:32  Marine x2  
  34  7:44  Medivac  
  34  7:50  Marine x2  
  38  8:05  Neosteel Armor  
  38  8:08  Marine x2  
  40  8:13  SCV, Refinery  
  41  8:25  SCV, Marine  
  41  8:26  Marine, Fusion Core  
  44  8:37  SCV  
  44  8:38  Refinery  
  45  8:43  Marine x2  
  47  8:49  SCV  
  48  9:01  SCV, Marine x2  
  42  9:17  Missile Turret  
  42  9:19  Marine x2  
  44  9:37  Marine x2, Starport Tech Lab  
  46  9:41  Terran Vehicle Weapons Level 1  
  46  9:45  Hi-Sec Auto Tracking  
  46  9:47  Planetary Fortress  
  46  9:51  Missile Turret  
  46  9:55  Marine x2  
  43  10:12  Marine  
  43  10:13  Marine  
  40  10:29  SCV  
  40  10:30  Marine x2  
  42  10:41  SCV  
  42  10:42  Terran Infantry Weapons Level 2  
  40  10:48  Marine x2  
  42  10:53  SCV  
  39  11:05  SCV  
  39  11:06  Marine x2  
  42  11:17  SCV  
  42  11:24  Marine x2  
  43  11:35  Terran Vehicle And Ship Armor Level 1  
  42  11:41  Marine  
  42  11:42  Marine  
  43  11:59  Marine x2  
  45  12:02  Battlecruiser  
  51  12:17  Marine x2  
  51  12:18  Siege Tank  
  56  12:25  SCV  
  57  12:35  Marine x2  
  59  12:37  SCV  
  60  12:47  Drilling Claws  
  60  12:53  Marine x2  
  60  12:57  Terran Infantry Armor Level 2  
  60  12:58  Weapon Refit  
  62  13:25  Supply Depot  
  62  13:29  Terran Ship Weapons Level 1  
  62  13:46  Battlecruiser, Marine x2  
  70  13:48  Supply Depot  
  70  14:04  Marine  
  70  14:05  Marine  
  51  14:22  Marine  
  51  14:23  Marine  
  53  14:38  Rapid Reignition System  
  53  14:40  Marine  
  53  14:41  Marine  
  55  14:58  Marine  
  55  14:59  Marine  
  57  15:01  Medivac  
  59  15:20  Supply Depot, Marine x2  
  61  15:34  Advanced Ballistics  
  61  15:38  Marine x2  
  63  15:55  Marine  
  63  15:56  Marine  
  53  16:13  Marine x2  
  55  16:31  Marine x2  
  57  16:56  Battlecruiser  
  57  17:00  Thor  
  69  17:49  Missile Turret  
  69  18:00  Battlecruiser, Refinery  
  75  18:09  Missile Turret  
  75  18:14  Refinery  
  73  18:30  Missile Turret  
  47  18:45  Marine  
  47  18:46  Marine  
  36  19:03  Marine x2  
  36  19:04  Battlecruiser  
  39  19:21  Marine x2  
  38  19:45  Marine  
  38  20:28  Command Center  
  38  20:38  Refinery  
  38  20:47  Battlecruiser, Marine x2  
  46  21:14  Marine, Siege Tank  
  46  21:15  Marauder  
  45  21:40  Marauder x2  
  45  21:46  Siege Tank  
  55  22:02  Marauder x2  
Show
View Real Time Build Order
Export as new Build Order

dINK Terran 

Build Orders:  

Get SALT Encoding   

  12  0:03  SCV  
  13  0:15  SCV  
  13  0:17  Supply Depot  
  14  0:28  SCV  
  15  0:32  Refinery  
  15  0:40  SCV  
  16  0:52  SCV  
  16  0:54  Barracks  
  17  1:04  SCV  
  18  1:16  SCV  
  19  1:28  SCV  
  19  1:32  Command Center  
  20  1:41  Refinery  
  20  1:45  Orbital Command  
  20  1:48  Marine  
  21  2:10  SCV  
  21  2:11  Marine  
  21  2:12  Factory  
  23  2:30  Supply Depot  
  24  2:44  SCV  
  24  2:48  Marine  
  25  2:57  SCV  
  26  3:00  Factory Tech Lab  
  26  3:10  SCV  
  27  3:16  Engineering Bay  
  27  3:19  Engineering Bay  
  27  3:22  SCV  
  28  3:33  Orbital Command  
  28  3:34  SCV  
  28  3:40  Command Center  
  29  3:44  Terran Infantry Weapons Level 1  
  29  3:45  Siege Tank  
  29  3:47  SCV  
  29  3:48  Barracks Reactor  
  33  3:59  Starport  
  33  4:03  Terran Infantry Armor Level 1  
  33  4:05  SCV x2  
  35  4:17  SCV x2, Supply Depot  
  37  4:28  Marine x2  
  37  4:29  Siege Tank  
  42  4:39  Supply Depot  
  42  4:40  SCV x2  
  42  4:44  Starport Tech Lab  
  44  4:48  Marine x2  
  44  4:52  SCV x2  
  47  4:58  Armory  
  48  5:04  SCV, Siege Tank  
  48  5:05  SCV  
  48  5:06  Marine x2  
  55  5:08  Supply Depot  
  55  5:20  SCV x2  
  57  5:23  Refinery  
  57  5:25  Refinery  
  57  5:27  Orbital Command  
  57  5:36  Liberator  
  55  6:12  SCV x2  
  55  6:13  SCV  
  58  6:24  SCV x2  
  58  6:25  SCV  
  61  6:29  Medivac  
  61  6:31  Marine  
  64  6:33  Marine  
  64  6:34  Siege Tank  
  68  6:46  SCV x3  
  71  6:47  Terran Infantry Weapons Level 2  
  71  6:52  Terran Infantry Armor Level 2  
  71  7:03  SCV  
  72  7:16  Supply Depot  
  72  7:38  Marine x2  
  72  7:39  Siege Tank  
  72  7:43  Raven, Orbital Command  
  79  7:49  Barracks  
  79  7:55  Barracks  
  79  7:56  Barracks  
  79  7:57  Refinery  
  79  8:04  SCV x2  
  81  8:12  SCV  
  82  8:23  Refinery  
  81  8:49  Terran Vehicle And Ship Armor Level 1  
  81  8:57  Barracks  
  81  8:58  Barracks  
  81  9:00  Siege Tank  
  81  9:01  Medivac  
  86  9:03  Marine x2  
  88  9:23  SCV x3  
  91  9:42  SCV x2  
  93  9:46  Barracks  
  93  9:48  SCV  
  94  9:53  Supply Depot  
  94  9:55  SCV x2  
  94  9:57  Supply Depot  
  94  9:58  Supply Depot  
  94  9:59  Supply Depot  
  96  10:00  Supply Depot  
  96  10:01  Fusion Core  
  96  10:15  Supply Depot  
  96  10:18  Supply Depot, Siege Tank  
  88  10:21  Viking  
  99  10:22  Supply Depot, Marine x2  
  99  10:23  Supply Depot  
  99  10:25  Barracks Tech Lab  
  99  10:26  Barracks Reactor x3, Barracks Tech Lab  
  103  10:34  Terran Infantry Weapons Level 3, Terran Infantry Armor Level 3  
  103  10:42  Marine x2  
  103  10:45  Marauder  
  103  10:49  Combat Shield, Stimpack  
  107  11:09  SCV  
  107  11:10  SCV x2  
  110  11:27  Marine x5  
  110  11:28  Marauder, Marine x2  
  110  11:30  Barracks Reactor  
  119  11:33  Siege Tank  
  128  11:43  Starport  
  128  11:45  Starport  
  128  11:50  Marine x3  
  128  11:51  Marine x4  
  139  11:54  Marauder x2  
  139  12:08  Concussive Shells  
  133  12:16  Siege Tank  
  136  12:23  Marine x3  
  136  12:24  Marauder x2, Marine x4  
  136  12:25  Marauder, Marine  
  150  12:35  Advanced Ballistics  
  150  12:37  Terran Vehicle And Ship Armor Level 2  
  150  12:39  Starport Tech Lab  
  150  12:40  Starport Tech Lab  
  150  12:41  Marine x3  
  153  12:46  Marauder  
  153  12:49  Medivac x2  
  159  13:11  Hi-Sec Auto Tracking  
  86  14:29  Medivac  
  86  14:31  Medivac x2  
  89  14:39  Medivac  
  89  14:41  Marine x2  
  89  14:42  Marauder, Marine x5  
  89  14:43  Marauder x2, Marine  
  105  14:54  Refinery  
  105  14:59  Medivac, Marine  
  108  15:02  Command Center  
  108  15:04  Command Center  
  108  15:07  Missile Turret  
  108  15:11  Medivac x2  
  108  15:12  Marine x5  
  108  15:13  Marauder  
  119  15:26  Supply Depot, Missile Turret  
  119  15:27  Supply Depot  
  119  15:28  Supply Depot  
  119  15:30  Orbital Command  
  119  15:45  Supply Depot  
  119  15:46  Supply Depot, Missile Turret  
  119  15:47  Marine x4  
  119  15:48  Marauder x2, Marine x3, Siege Tank  
  119  15:49  Marauder  
  135  15:52  Supply Depot  
  135  15:56  SCV  
  136  16:08  SCV  
  136  16:09  Supply Depot, Marauder  
  136  16:10  Supply Depot, Marauder  
  141  16:12  Sensor Tower  
  141  16:20  SCV  
  142  16:28  Orbital Command  
  142  16:30  Orbital Command  
  142  16:40  Marine x3  
  142  16:41  Marauder x3, Marine x2  
  142  16:42  Marine x3  
  142  16:43  Medivac, Siege Tank  
  142  16:44  Medivac  
  167  16:47  Battlecruiser  
  167  16:52  Battlecruiser  
  175  16:57  Marine  
  175  16:58  Marine x2  
  175  16:59  Marine x2  
  180  17:02  Marauder x2  
  180  17:03  Marauder  
  186  17:09  SCV x3  
  189  17:22  Orbital Command  
  189  17:24  Marauder x3  
  195  17:39  Marine x5  
  88  18:54  Marine  
  88  18:55  Marauder, Marine x4  
  80  18:56  Marine x4  
  80  18:57  Marine  
  82  19:16  SCV x3  
  85  19:28  SCV  
  86  19:32  Battlecruiser x2  
  98  19:43  Weapon Refit  
  98  19:46  Marine  
  98  19:47  Marine x4  
  98  19:48  Marine x3  
  106  19:58  SCV x3  
  109  20:11  Marine x2  
  109  20:12  Marauder, Marine x5  
  109  20:13  Marauder, Marine  
  109  20:14  Marauder  
  123  20:17  SCV x3  
  126  20:32  Marine x4  
  126  20:33  Marine x4  
  134  20:36  Battlecruiser  
  134  20:37  Thor  
  146  21:03  SCV x3, Refinery  
  146  21:04  Refinery  
  149  21:22  Marine x5  
  149  21:23  Marauder, Marine x4  
  166  21:37  SCV x2  
  166  21:38  SCV  
  169  21:40  Marine x6  
Show
View Real Time Build Order
Export as new Build Order

BallsDeep Zerg 

Build Orders: Pool First 

Get SALT Encoding   

  12  0:02  Drone  
  13  0:12  Overlord  
  13  0:19  Drone  
  14  0:26  Overlord  
  14  0:45  Spawning Pool  
  14  0:47  Drone  
  14  0:54  Drone  
  14  0:55  Drone  
  16  1:13  Extractor  
  16  1:14  Drone  
  16  1:15  Drone  
  17  1:36  Queen  
  17  1:37  Hatchery  
  18  1:47  Drone x2  
  18  1:48  Drone  
  21  2:07  Drone  
  22  2:16  Extractor  
  21  2:25  Drone x2  
  23  2:47  Drone  
  23  2:48  Drone x3  
  27  3:00  Metabolic Boost  
  27  3:11  Queen  
  29  3:23  Drone  
  29  3:24  Drone x4  
  34  3:52  Zergling x2, Evolution Chamber x2  
  34  3:53  Zergling x8, Evolution Chamber  
  36  3:59  Overlord  
  36  4:17  Drone  
  36  4:18  Drone x3  
  40  4:40  Lair  
  40  5:02  Zergling x2  
  40  5:03  Zergling x6  
  40  5:05  Overlord  
  40  5:06  Overlord  
  44  5:17  Baneling Nest  
  44  5:20  Drone  
  44  5:24  Drone  
  25  5:50  Zerg Melee Weapons Level 1  
  25  5:51  Zerg Missile Weapons Level 1, Zerg Ground Armor Level 1  
  24  6:14  Zergling x2  
  24  6:15  Zergling x16  
  33  6:21  Queen x2  
  27  7:05  Hatchery  
  27  7:07  Zergling x10  
  29  7:19  Hatchery x3  
  25  7:28  Drone  
  25  7:29  Drone  
  27  8:01  Zerg Missile Weapons Level 2, Zerg Melee Weapons Level 2  
  27  8:02  Zerg Ground Armor Level 2  
  27  8:19  Baneling Nest  
  26  8:23  Drone x2  
  26  8:24  Drone x2  
  30  8:44  Drone x5  
  35  8:49  Drone  
  36  9:08  Centrifical Hooks  
  36  9:10  Infestation Pit  
  35  9:23  Queen  
  37  9:28  Queen  
  39  9:35  Drone x2  
  41  9:50  Hive  
  41  10:00  Hydralisk Den  
  40  10:10  Drone x6  
  40  10:12  Drone  
  47  10:20  Queen  
  49  10:28  Queen  
  51  10:58  Zergling x8  
  51  10:59  Zergling x20  
  65  11:15  Extractor  
  64  11:19  Extractor  
  63  11:41  Overlord x3  
  63  11:42  Overlord  
  63  11:43  Drone x6  
  63  11:44  Drone x6  
  63  11:46  Drone  
  76  12:19  Ultralisk Cavern  
  76  12:21  Zerg Melee Weapons Level 3, Zerg Ground Armor Level 3, Zerg Missile Weapons Level 3  
  75  12:25  Grooved Spines  
  75  12:31  Drone x2  
  75  12:32  Drone  
  75  12:33  Drone  
  75  12:34  Drone  
  80  12:53  Baneling  
  80  12:54  Baneling x23  
  80  12:55  Baneling x2  
  80  12:56  Baneling  
  80  12:57  Baneling  
  80  13:05  Extractor  
  80  13:07  Extractor  
  64  13:31  Ultralisk  
  64  13:32  Ultralisk  
  64  13:33  Ultralisk  
  77  13:36  Muscular Augments  
  77  13:42  Drone  
  77  13:43  Drone x11  
  77  13:45  Drone  
  90  14:00  Chitinous Plating  
  90  14:10  Overlord  
  90  14:11  Overlord x2  
  90  14:27  Overlord x3  
  90  14:28  Overlord x3  
  90  14:47  Extractor  
  90  14:49  Extractor  
  88  14:57  Overlord x3  
  88  15:08  Ultralisk x2  
  88  15:09  Ultralisk x2  
  112  15:19  Anabolic Synthesis  
  112  15:24  Extractor x2  
  110  15:40  Drone x2  
  110  15:41  Drone x7  
  119  15:56  Ultralisk x3  
  137  16:11  Drone x2  
  137  16:12  Drone  
  140  16:25  Drone x3  
  143  16:50  Ultralisk x6  
  143  16:53  Overlord x2  
  143  16:54  Overlord x7  
  179  17:17  Pneumatized Carapace  
  179  17:28  Ultralisk x3  
  149  19:17  Ultralisk x7  
  149  19:18  Ultralisk x2  
  149  19:21  Zergling x8  
  149  19:22  Zergling x12  
  165  19:51  Ultralisk x5  
  165  19:52  Ultralisk  
  195  19:56  Ultralisk  
  189  20:03  Baneling x11  
  189  20:04  Baneling x2  
  189  20:37  Hydralisk  
  189  20:38  Hydralisk x4  
Show
View Real Time Build Order
Export as new Build Order

Covidcuck Terran 

Build Orders: Mech 

Get SALT Encoding   

  12  0:01  SCV  
  13  0:14  SCV  
  14  0:21  Supply Depot  
  14  0:26  SCV  
  15  0:45  SCV  
  15  0:47  Barracks  
  17  0:57  SCV  
  17  1:07  Refinery  
  17  1:09  SCV  
  18  1:14  Barracks  
  18  1:20  Refinery  
  18  1:21  SCV  
  19  1:33  SCV  
  20  1:45  SCV  
  21  1:59  Reaper  
  22  2:02  Orbital Command  
  22  2:06  Reaper  
  23  2:11  Supply Depot  
  22  2:29  Factory  
  22  2:43  Barracks Tech Lab x2  
  22  2:51  SCV  
  22  2:53  Command Center  
  23  3:22  SCV  
  24  3:34  SCV  
  25  3:46  SCV  
  24  4:09  Barracks Tech Lab  
  24  4:12  Engineering Bay  
  24  4:30  Command Center  
  24  4:32  Factory  
  24  4:35  Armory x2  
  24  4:36  Factory  
  24  4:38  Factory, Hi-Sec Auto Tracking  
  24  4:46  Missile Turret  
  24  4:49  Cyclone  
  27  5:05  Marauder x2  
  31  5:08  Missile Turret  
  31  5:21  Planetary Fortress  
  31  5:24  SCV  
  32  5:32  Factory Tech Lab  
  32  5:33  Factory Tech Lab  
  32  5:36  SCV  
  33  5:45  Marauder x2  
  33  5:48  SCV  
  38  6:00  SCV  
  38  6:03  Factory Tech Lab  
  38  6:12  SCV  
  38  6:15  Missile Turret  
  39  6:22  Concussive Shells  
  39  6:30  Terran Vehicle And Ship Armor Level 1  
  39  6:32  Terran Vehicle Weapons Level 1  
  36  6:55  Hellbat x4  
  44  7:08  Bunker  
  44  7:09  SCV  
  44  7:13  Refinery  
  45  7:16  Hellion x3  
  45  7:17  Hellbat  
  45  7:18  Refinery  
  45  7:21  SCV  
  52  7:46  Marauder x2  
  56  7:55  Supply Depot  
  56  8:01  Supply Depot  
  56  8:04  SCV  
  57  8:16  SCV  
  57  8:17  Thor  
  57  8:19  Supply Depot  
  64  8:20  Hellion  
  64  8:22  Hellion, Missile Turret  
  64  8:24  Hellion  
  63  8:28  SCV  
  63  8:33  SCV  
  58  8:36  Terran Vehicle Weapons Level 2  
  58  8:45  SCV  
  59  8:56  SCV  
  59  8:57  SCV  
  61  9:08  SCV  
  61  9:09  SCV  
  61  9:18  Terran Vehicle And Ship Armor Level 2  
  61  9:20  SCV  
  61  9:21  SCV  
  63  9:31  Terran Infantry Armor Level 1  
  63  9:32  SCV  
  63  9:33  SCV, Marauder x2  
  63  9:37  Stimpack  
  69  9:45  Infernal Pre-Igniter  
  69  9:48  Mag-Field Accelerator  
  69  10:01  Planetary Fortress  
  63  10:30  Thor x2  
  63  10:32  Thor  
  81  10:39  Marauder  
  73  11:05  Starport  
  73  11:15  Supply Depot  
  71  11:18  Supply Depot  
  71  11:29  SCV  
  71  11:30  SCV  
  73  11:33  SCV  
  74  11:43  SCV  
  74  11:45  SCV, Barracks  
  70  11:55  SCV  
  70  11:57  Missile Turret  
  71  12:07  SCV  
  72  12:09  Refinery  
  72  12:10  Thor  
  72  12:13  Thor  
  84  12:17  Missile Turret  
  84  12:19  SCV  
  85  12:23  Refinery  
  85  12:30  Terran Vehicle And Ship Armor Level 3  
  85  12:31  SCV  
  85  12:35  Barracks  
  86  12:38  Missile Turret  
  86  12:43  SCV, Barracks Reactor  
  87  12:44  Marine  
  87  12:47  Marauder  
  90  12:54  Supply Depot  
  90  12:55  SCV, Supply Depot  
  90  12:58  Thor  
  97  13:07  SCV  
  98  13:16  Thor x2  
  99  13:31  Thor  
  99  13:33  Barracks Tech Lab  
  101  13:34  Marine x2  
  101  13:35  Marauder x2  
  99  13:52  Marine  
  99  13:54  Marine  
  101  14:00  Marine x2, Thor  
  108  14:15  SCV  
  109  14:34  Starport Reactor  
  109  14:40  Marine  
  109  14:48  Engineering Bay  
  109  15:08  Supply Depot  
  109  15:09  Supply Depot  
  109  15:10  Supply Depot  
  109  15:21  Terran Vehicle Weapons Level 3  
  109  15:29  SCV x2, Thor  
  109  15:31  Marine x3, Thor x2  
  109  15:35  Refinery  
  132  15:41  SCV  
  133  16:13  Medivac  
  133  16:16  SCV  
  133  16:20  SCV  
  133  16:21  Medivac  
  133  16:22  Cyclone x3  
  133  16:23  Cyclone  
  125  16:28  SCV, Marine x4  
  125  16:29  Marine  
  125  16:32  SCV  
  114  16:44  SCV  
  114  16:46  Command Center  
  115  16:49  Marauder  
  115  16:50  Marauder x2, Marine x2  
  115  16:54  Cyclone x3  
  129  16:56  SCV  
  133  17:27  Cyclone, Marine  
  133  17:28  Viking x2, Marauder x2, Marine  
  133  17:29  Marauder  
  148  17:31  Supply Depot  
  148  17:32  Supply Depot  
  148  17:35  Terran Infantry Armor Level 2  
  148  17:41  Missile Turret  
  148  17:45  Marine  
  149  17:52  Marine  
  149  17:54  Supply Depot  
  149  17:58  Viking x2, Terran Ship Weapons Level 1  
  95  18:48  Thor x3  
  67  18:49  Thor  
  67  18:51  Marauder x3, Marine x2  
  67  18:52  Medivac  
  67  18:53  Viking  
  91  19:09  Marine  
  92  19:29  Viking x2  
  92  19:31  Thor  
  102  19:36  Marauder x3, Marine x2  
  110  19:47  Planetary Fortress  
  110  19:51  SCV  
  111  19:54  Marine x2  
  111  19:57  Marauder x2, Marine  
  118  20:03  SCV  
  118  20:05  Terran Ship Weapons Level 2  
  119  20:15  SCV  
  120  20:27  SCV  
  121  20:28  Viking  
  121  20:29  Viking  
  121  20:33  Refinery  
  125  20:38  Refinery  
  125  20:39  SCV  
  126  20:51  SCV  
  126  20:54  Marauder  
  125  20:58  Viking  
  125  21:02  Hellion x3  
  125  21:03  SCV  
  66  21:52  Missile Turret  
  66  21:53  Missile Turret, Marine x4  
  66  21:54  Marine  
  99  22:16  Missile Turret  
Tags
 
Add a new tag
Caveats
  • Supply blocks, unpowered buildings, or Contaminate may cause inaccurate times.
  • Supply counts are checked every 10 seconds.